 Dungeon Crawl Stone Soup version 0.23.1 (webtiles) character file.

Game seed: 0

1719 Gorice the Cleaver (level 9, -1/70 HPs)
             Began as a Hill Orc Fighter on Mar 11, 2019.
             Was a Follower of the Shining One.
             Slain by a gnoll sergeant
             ... wielding the +7 spear "Newtbane" {venom, Int+4}
              (6 damage)
             ... on level 6 of the Dungeon.
             The game lasted 00:23:34 (6904 turns).

Gorice the Cleaver (Hill Orc Fighter)               Turns: 6904, Time: 00:23:35

Health: -1/70      AC: 13    Str: 19    XL:     9   Next: 4%
Magic:  9/9        EV:  7    Int: 11    God:    the Shining One [*.....]
Gold:   113        SH:  9    Dex: 10    Spells: 8/8 levels left

rFire    . . .     SeeInvis .   a - +1 war axe
rCold    . . .     Gourm    .   c - +0 shield
rNeg     . . .     Faith    .   x - +0 scale mail
rPois    .         Spirit   .   m - +0 helmet (curse)
rElec    .         Reflect  .   (no cloak)
rCorr    .         Harm     .   g - +1 pair of gloves
MR       .....                  h - +0 pair of boots
Stlth    ..........             o - amulet of the acrobat
HPRegen  0.21/turn              (no ring)
MPRegen  0.11/turn              (no ring)

@: lethally poisoned (-1 -> -13), slowed, glowing, very slow
A: no striking features
a: Renounce Religion


You were on level 6 of the Dungeon.
You worshipped the Shining One.
The Shining One was aware of your devotion.
You were hungry.

You visited 2 branches of the dungeon, and saw 7 of its levels.
You also visited: Sewer.

You collected 188 gold pieces.
You spent 75 gold pieces at shops.

Inventory:

Hand Weapons
 a - a +1 war axe (weapon)
 b - a +0 hunting sling
 t - a +0 blowgun
 v - a +1 whip of draining
   (You took it off a kobold in a sewer)
 A - a +0 flail
Missiles
 e - 8 needles of confusion
 i - 45 sling bullets
 n - 130 bolts
 u - 23 poisoned needles
 F - 6 tomahawks (quivered)
 Y - 150 stones
 Z - a throwing net {!f}
Armour
 c - a +0 shield (worn)
 g - a +1 pair of gloves (worn)
 h - a +0 pair of boots (worn)
 m - a cursed +0 helmet (worn)
 x - a +0 scale mail (worn)
Magical Staves
 D - an uncursed staff of fire
Jewellery
 o - an amulet of the acrobat (around neck)
 I - an uncursed amulet of guardian spirit {unknown}
Wands
 B - a wand of digging (4)
 G - a wand of paralysis (4)
 K - a wand of iceblast (5)
Scrolls
 l - 2 scrolls of enchant armour
 p - a scroll of immolation {!r}
 r - a scroll of blinking
 y - 2 scrolls of teleportation {!r}
 H - a scroll of magic mapping {!r}
Potions
 d - a potion of might {!q}
 j - 4 potions of curing
 k - 2 potions of invisibility {!q}
 q - 2 potions of resistance {!q}
 s - 2 potions of ambrosia
 w - a potion of flight {ely sewer altar}
 z - 2 potions of magic {unknown}
 C - a potion of agility {!q}
 J - a potion of heal wounds {!q}
Comestibles
 f - 14 rations


   Skills:
 - Level 3.6 Fighting
 * Level 12.0 Axes
 + Level 7.8 Armour
 - Level 3.2 Shields


You had 8 spell levels left.
You didn't know any spells.
Your spell library was empty.

Dungeon Overview and Level Annotations

Branches:
Dungeon (6/15)             Temple (1/1) D:4

Altars:
Ashenzari
Cheibriados
Dithmenos
Elyvilon
Fedhas
Gozag
Hepliaklqana
Kikubaaqudgha
Makhleb
Nemelex Xobeh
Okawaru
Qazlal
Ru
Sif Muna
Trog
Uskayaw
Vehumet
Wu Jian
Xom
Yredelemnul
The Shining One

Shops:
D:5 !

Annotations:
D:3 Grinder
D:6 1 transporter, Stil's ghost, novice KoAM


Message History

Aiming: Paralyse
Press: ? - help, Shift-Dir - straight line, f - gnoll sergeant, p - gnoll sergeant
Aim: a gnoll sergeant, wielding the +7 spear "Newtbane" {venom, Int+4}, wearing the +4 ring mail of the Shining Light {+Blink Str+2 Int-5} and wearing a +1 buckler (severely wounded, haloed, chance to defeat MR: 46%)
The gnoll sergeant resists with some effort.
You feel very sick. The gnoll sergeant barely misses you.
You block the gnoll sergeant's attack.
Damage: 3 (max 19)
You feel sick.
The gnoll shaman calls upon its god to speed up something.
You feel sick. The gnoll sergeant closely misses you.
Damage: 2 (max 19) Evoke which item? (* to show all) (? for menu, Esc to quit)
Aiming: Paralyse
Press: ? - help, Shift-Dir - straight line, f/p - gnoll sergeant
Aim: a gnoll sergeant, wielding the +7 spear "Newtbane" {venom, Int+4}, wearing the +4 ring mail of the Shining Light {+Blink Str+2 Int-5} and wearing a +1 buckler (severely wounded, haloed, chance to defeat MR: 46%)
The gnoll sergeant resists with some effort.
You feel sick.
The gnoll sergeant hits you from afar with the +7 spear "Newtbane" {venom, Int+4}.
* * * LOW HITPOINT WARNING * * *
You are more poisoned.
Damage: 3 (max 19)
You feel better. You block the gnoll sergeant's attack.
The gnoll sergeant hits you from afar with the +7 spear "Newtbane" {venom, Int+4}.
* * * LOW HITPOINT WARNING * * *
You are poisoned.
Evoke which item? (* to show all) (? for menu, Esc to quit)
Aiming: Iceblast
Press: ? - help, Shift-Dir - straight line, f/p - gnoll sergeant
Aim: a gnoll sergeant, wielding the +7 spear "Newtbane" {venom, Int+4}, wearing the +4 ring mail of the Shining Light {+Blink Str+2 Int-5} and wearing a +1 buckler (severely wounded, haloed)
The mass of ice explodes!
The iceblast engulfs the gnoll sergeant.
The gnoll sergeant is almost dead.
You feel sick.
The gnoll sergeant hits you from afar with the +7 spear "Newtbane" {venom, Int+4}!
* * * LOW HITPOINT WARNING * * *
You are more poisoned.
Damage: 12 (max 19) Evoke which item? (* to show all) (? for menu, Esc to quit)
Aiming: Iceblast
Press: ? - help, Shift-Dir - straight line, f/p - gnoll sergeant
Aim: a gnoll sergeant, wielding the +7 spear "Newtbane" {venom, Int+4}, wearing the +4 ring mail of the Shining Light {+Blink Str+2 Int-5} and wearing a +1 buckler (almost dead, haloed)
The mass of ice explodes!
The iceblast engulfs the gnoll sergeant.
The gnoll sergeant is almost dead.
The iceblast engulfs the gnoll sergeant.
The gnoll sergeant is heavily wounded.
* * * LOW HITPOINT WARNING * * *
You feel sick. You block the gnoll sergeant's attack.
The gnoll sergeant hits you from afar with the +7 spear "Newtbane" {venom, Int+4}.
You die...

≈≈≈≈≈≈≈≈≈≈≈...≈≈≈≈≈≈≈≈≈≈≈..# ##.#
≈≈≈≈≈≈≈≈≈≈≈...≈≈≈≈≈≈≈≈≈≈≈..# ###
≈≈#####...........#####≈≈..# #
≈≈#g8g#.###.©.###.#.8.#≈≈..# #
≈≈#..g###.#####©###...#≈≈..#
≈≈###......ggg......###≈≈..#
≈≈.8#.######'######.#8.≈≈..######
≈≈.##g#.g #8.g#.⌠.#.##.≈≈........
≈≈.#g. . #⌠©gg.@.'..#.≈≈..######
≈≈.##.# #8..#.⌠.#.##.≈≈..#
≈≈.8#.# ##'######.#8.≈≈..#
≈≈###...gg..........###≈≈..#
≈≈#W..###.#####.###...#≈≈..#
≈≈#.8.#.###.©.###.#.8.#≈≈..#
≈≈#####...........#####≈≈..#
≈≈≈≈≈≈≈≈≈≈≈≈≈≈≈≈≈≈≈≈≈≈≈≈≈..#
≈≈≈≈≈≈≈≈≈≈≈≈≈≈≈≈≈≈≈≈≈≈≈≈≈.##


You could see 3 gnoll sergeants.

Vanquished Creatures
  A black bear (D:6)
  3 ogres (D:4)
  2 centaurs
  A big kobold (Sewer)
  A wyvern skeleton (D:6)
  3 scorpions
  2 howler monkeys
  2 crimson imps
  4 orc wizards
  A hound (D:6)
  2 orc priests
  A bullfrog skeleton (D:4)
  A centaur skeleton (D:4)
  2 iguanas (D:5)
  7 worker ants
  2 killer bee zombies (D:6)
  2 worker ant zombies
  Robin (D:3)
  9 adders
  A gnoll (D:6)
  3 river rats (Sewer)
  A shadow imp (D:5)
  An adder skeleton (D:4)
  2 worms
  3 dart slugs
  5 leopard geckos
  9 orcs
  5 giant cockroaches
  20 goblins
  7 hobgoblins
  9 jackals
  4 quokkas
  4 ball pythons
  5 bats
  6 frilled lizards
  10 kobolds
  A quokka skeleton (D:5)
  9 rats
152 creatures vanquished.

Vanquished Creatures (others)
  6 plants (D:6)
  4 toadstools (D:1)
10 creatures vanquished.

Grand Total: 162 creatures vanquished

Notes
Turn   | Place    | Note
-------+----------+-------------------------------------------
     0 | D:1      | Gorice the Hill Orc Fighter began the quest for the Orb.
     0 | D:1      | Reached XP level 1. HP: 19/19 MP: 1/1
    26 | D:1      | Reached skill level 3 in Axes
   104 | D:1      | Reached XP level 2. HP: 22/26 MP: 2/2
   219 | D:1      | Found a sparkling altar of Nemelex Xobeh.
   787 | D:2      | Reached skill level 4 in Axes
   803 | D:2      | Reached XP level 3. HP: 31/31 MP: 3/3
  1035 | D:2      | Reached skill level 4 in Armour
  1241 | D:2      | Reached XP level 4. HP: 39/39 MP: 4/4
  1273 | D:2      | Reached skill level 5 in Axes
  1763 | D:3      | Found a glowing drain.
  1824 | Sewer    | Entered a sewer
  1836 | Sewer    | Reached XP level 5. HP: 43/45 MP: 5/5
  1896 | Sewer    | Noticed a big kobold
  1919 | Sewer    | Killed a big kobold
  1919 | Sewer    | Reached skill level 6 in Axes
  1950 | Sewer    | Found a white marble altar of Elyvilon.
  2070 | D:3      | Found a snail-covered altar of Cheibriados.
  2240 | D:3      | Reached XP level 6. HP: 51/51 MP: 6/6
  2303 | D:3      | Noticed Robin
  2332 | D:3      | Killed Robin
  2616 | D:3      | Reached skill level 7 in Axes
  3062 | D:4      | Reached skill level 5 in Armour
  3182 | D:4      | Found a staircase to the Ecumenical Temple.
  3187 | D:4      | Noticed Grinder
  3194 | Temple   | Entered the Ecumenical Temple
  3561 | Temple   | Became a worshipper of the Shining One
  3638 | D:4      | HP: 12/51 [Grinder (8)]
  3979 | D:4      | Reached skill level 8 in Axes
  3979 | D:4      | Reached XP level 7. HP: 50/57 MP: 7/7
  4034 | D:4      | HP: 17/57 [poisoned by a worker ant]
  4315 | D:4      | Reached skill level 9 in Axes
  4315 | D:4      | Reached skill level 6 in Armour
  4794 | D:5      | Entered Level 5 of the Dungeon
  4797 | D:5      | Reached XP level 8. HP: 64/64 MP: 8/8
  4815 | D:5      | Reached * piety under the Shining One
  4904 | D:5      | Reached skill level 10 in Axes
  4970 | D:5      | Found an ancient bone altar of Kikubaaqudgha.
  5486 | D:5      | Found Vyudd's Distillery.
  5640 | D:5      | Reached skill level 7 in Armour
  5779 | D:5      | Bought a potion of heal wounds for 75 gold pieces
  5835 | D:6      | Reached skill level 11 in Axes
  5953 | D:6      | Identified the +7 spear "Newtbane" {venom, Int+4}
  5953 | D:6      | Identified the +4 ring mail of the Shining Light {+Blink
                  | Str+2 Int-5}
  6388 | D:6      | Noticed Stil's ghost (novice KoAM)
  6459 | D:6      | Reached XP level 9. HP: 70/70 MP: 9/9
  6677 | D:6      | Found a hazy altar of Hepliaklqana.
  6684 | D:6      | Found a blossoming altar of Fedhas.
  6697 | D:6      | Found a deep blue altar of Sif Muna.
  6704 | D:6      | Found a shattered altar of Ashenzari.
  6711 | D:6      | Found a shadowy altar of Dithmenos.
  6719 | D:6      | Found a stormy altar of Qazlal.
  6726 | D:6      | Found a radiant altar of Vehumet.
  6828 | D:6      | Found a transporter.
  6835 | D:6      | Found a transporter.
  6895 | D:6      | Reached skill level 12 in Axes
  6900 | D:6      | HP: 21/70 [poisoned by a gnoll sergeant]
  6903 | D:6      | HP: 7/70 [gnoll sergeant/the +7 spear "Newtbane" {venom,
                  | Int+4} (11)]
  6904 | D:6      | Slain by a gnoll sergeant

Skill      XL: |  1  2  3  4  5  6  7  8  9 |
---------------+----------------------------+-----
Axes           | 3 4 5 6 8 9 11 12 | 12.0
Armour         | 4 5 6 7 |  7.8
Fighting       | |  3.6
Shields        | |  3.2

Action                   |  1- 3 |  4- 6 |  7- 9 || total
-------------------------+-------+-------+-------++-------
Melee: War axe           |   105 |   192 |   204 ||   501
 Fire: Hunting sling     |       |     7 |     9 ||    16
Throw: Stone             |     4 |       |     1 ||     5
Evoke: Wand              |       |       |     6 ||     6
  Use: Scroll            |     3 |     5 |     7 ||    15
       Potion            |       |     2 |     2 ||     4
  Eat: Chunk             |     1 |     8 |    10 ||    19
Armor: Scale mail        |    60 |    89 |    60 ||   209
Dodge: Dodged            |    41 |    90 |    78 ||   209
Block: Shield            |    60 |   120 |    93 ||   273

Table legend:
 A = Turns spent in this place as a percentage of turns spent in the entire game.
 B = Non-inter-level travel turns spent in this place as a percentage of non-inter-level travel turns spent in the entire game.
 C = Inter-level travel turns spent in this place as a percentage of turns spent in this place.
 D = Turns resting spent in this place as a percentage of non-inter-level travel turns spent in this place.
 E = Turns spent auto-exploring this place as a percentage of non-inter-level travel turns spent in this place.
 F = Non-inter-level travel turns spent in this place divided by the number of levels of this place that you've seen.
                   A       B       C       D       E      F
               +-------+-------+-------+-------+-------+----------------------
         Total | 100.0 | 100.0 |   3.2 |  16.8 |  56.9 | 835.1
       Dungeon |  91.7 |  92.2 |   2.7 |  18.2 |  55.5 | 1026.8
        Temple |   5.8 |   5.2 |  13.6 |   0.0 |  98.0 | 348.0
         Sewer |   2.5 |   2.6 |   0.0 |   0.0 |  22.7 | 172.0
               +-------+-------+-------+-------+-------+----------------------

Levels and vault maps discovered:
D:1:      ldierk_walled_garden_2, layout_basic, nemelex_altar_shiori
D:2:      layout_basic, serial_co_window_serial, co_window_corner_a,
          co_window_paths_b, co_window_paths_a, co_window_of_opportunity_a,
          co_window_corner_a, co_window_cross_4, co_window_corner_b,
          co_window_cross_4, co_window_corner_b, co_window_4corner_a,
          glass_columns_a, glass_columns_c, glass_columns_a
D:3:      kennysheep_the_goblin_king, layout_basic, lemuel_round_altar,
          cheibrodos_sewer_entry_drain, first_ration, uniq_robin
D:4:      minmay_clustersquares, layout_basic,
          minmay_temple_entry_drinking_statues, uniq_grinder
D:5:      layout_cave_pods, kiku_gazebo_garden_becter, serial_shops, shop
D:6:      layout_loops_corners, grunt_temple_overflow_octagram,
          gammafunk_ghost_gnarly_gnolls, minivault_19
Temple:   minmay_temple_forest_path
Sewer:    sewer_kobolds
